[ PARTIDA AOE2 · #468324328 ]
UnrankedMaya vs Shu
Equipo del jugador · VICT
[ ANÁLISIS DE REPETICIÓN · EXTRAÍDO DE LA PARTIDA GRABADA ]
Feudal
10:27
Castillos
20:58
Imperial
—
| APM promedio | 42.6 |
| APM pico | 78 |
| eAPM promedio | 19.4 |
| Aldeanos / militares | 88 / 57 |
Foco
⚔️ 27.8% · 🌾 72.2%
Eagle Scout ×52 · Militia ×4 · Spearman ×1
Feudal
11:31
Castillos
17:05
Imperial
—
| APM promedio | 28.0 |
| APM pico | 60 |
| eAPM promedio | 17.2 |
| Aldeanos / militares | 84 / 12 |
Foco
⚔️ 34.1% · 🌾 65.9%
Spearman ×9 · Unknown (1944) ×5 · Unknown (1962) ×4 · Unknown (1959) ×4 · Mangonel ×3
Feudal
10:42
Castillos
28:08
Imperial
—
| APM promedio | 12.6 |
| APM pico | 62 |
| eAPM promedio | 7.1 |
| Aldeanos / militares | 32 / 40 |
Foco
⚔️ 28.7% · 🌾 71.3%
Archer ×21 · Spearman ×10 · Scout Cavalry ×3 · Militia ×3 · Knight ×3
Feudal
11:20
Castillos
27:59
Imperial
—
| APM promedio | 18.8 |
| APM pico | 48 |
| eAPM promedio | 11.5 |
| Aldeanos / militares | 63 / 45 |
Foco
⚔️ 27.4% · 🌾 72.6%
Scout Cavalry ×15 · Skirmisher ×9 · Knight ×6 · Militia ×5 · Spearman ×5 · Iron Pagoda ×3
Feudal
10:41
Castillos
17:57
Imperial
—
| APM promedio | 21.1 |
| APM pico | 53 |
| eAPM promedio | 13.1 |
| Aldeanos / militares | 107 / 38 |
Foco
⚔️ 15.9% · 🌾 84.1%
Camel Scout ×23 · Knight ×11 · Spearman ×4
Feudal
10:48
Castillos
20:52
Imperial
—
| APM promedio | 52.2 |
| APM pico | 99 |
| eAPM promedio | 19.5 |
| Aldeanos / militares | 113 / 46 |
Foco
⚔️ 39.7% · 🌾 60.3%
Cavalry Archer ×35 · Spearman ×9 · Knight ×2
Feudal
10:36
Castillos
23:17
Imperial
—
| APM promedio | 55.8 |
| APM pico | 140 |
| eAPM promedio | 26.2 |
| Aldeanos / militares | 127 / 77 |
Foco
⚔️ 38.1% · 🌾 61.9%
Camel Scout ×51 · Mameluke ×19 · Scout Cavalry ×7
Feudal
11:02
Castillos
23:32
Imperial
—
| APM promedio | 41.0 |
| APM pico | 80 |
| eAPM promedio | 9.5 |
| Aldeanos / militares | 59 / 54 |
Foco
⚔️ 41.2% · 🌾 58.8%
Scout Cavalry ×21 · Cavalry Archer ×18 · Skirmisher ×12 · Knight ×2 · Monk ×1
Mapa de la partida
Recursos iniciales + cada clic de construcción. Líneas = muros · curvas = relieve. ◆ oro · ⬟ piedra · ● bayas · ✦ reliquia · ◌ hueco del cierre
Tu base· ✓ Cerrada en 20:58 · 31t muro · sin puerta
Base de Drakoid· Abierta — flanco sin cerrar
Base de Estevez90· Abierta — flanco sin cerrar
Base de jgom974· Abierta — hueco de 1t
Base de vikingo· Abierta — flanco sin cerrar
Base de sintopares· Abierta — flanco sin cerrar
Base de JAOK1987· ✓ Cerrada en 23:17 · 31t muro · 2 puerta(s)
Base de [GDL] ElfoMaldito· ✓ Cerrada en 23:32 · 43t muro · 1 puerta(s)
Terreno inicial suavizado · ◌ = hueco del cierre detectado · pasá el cursor para detalles
Inputs por minuto
— Sirwilliam - - Drakoid
Build order — Sirwilliam
Primeras 150 de 246 acciones detectadas
| 0:01 | Crear | Villager (Male) |
| 0:01 | Crear | Villager (Male) |
| 0:02 | Construir | House |
| 0:04 | Construir | House |
| 0:07 | Investigar | Loom |
| 0:19 | Crear | Villager (Male) |
| 0:19 | Crear | Villager (Male) |
| 0:20 | Crear | Villager (Male) |
| 1:21 | Crear | Villager (Male) |
| 1:46 | Crear | Villager (Male) |
| 1:58 | Construir | Lumber Camp |
| 2:33 | Crear | Villager (Male) |
| 2:48 | Crear | Villager (Male) |
| 3:12 | Crear | Villager (Male) |
| 3:14 | Construir | House |
| 3:57 | Crear | Villager (Male) |
| 4:06 | Crear | Villager (Male) |
| 4:30 | Crear | Villager (Male) |
| 4:52 | Construir | Mill |
| 5:18 | Crear | Villager (Male) |
| 5:45 | Crear | Villager (Male) |
| 5:47 | Crear | Villager (Male) |
| 5:50 | Crear | Villager (Male) |
| 6:01 | Crear | Villager (Male) |
| 6:30 | Crear | Villager (Male) |
| 6:35 | Construir | House |
| 6:42 | Crear | Villager (Male) |
| 6:59 | Construir | Barracks |
| 7:41 | Construir | Mining Camp |
| 8:02 | Construir | House |
| 8:13 | Crear | Militia |
| 8:17 | Investigar | Feudal Age |
| 8:38 | Crear | Militia |
| 8:43 | Construir | Palisade Wall |
| 9:01 | Crear | Militia |
| 10:01 | Crear | Militia |
| 10:27 | Edad | Edad Feudal |
| 10:39 | Crear | Villager (Male) |
| 10:49 | Construir | Blacksmith |
| 10:53 | Construir | Palisade Wall |
| 11:02 | Investigar | Man-at-Arms (upgrade) |
| 11:04 | Crear | Villager (Male) |
| 11:31 | Crear | Villager (Male) |
| 11:33 | Crear | Villager (Male) |
| 11:35 | Construir | House |
| 11:36 | Construir | House |
| 12:14 | Investigar | Wheelbarrow |
| 12:17 | Construir | Farm |
| 12:17 | Construir | Farm |
| 12:17 | Construir | Farm |
| 12:21 | Construir | Farm |
| 12:21 | Construir | Farm |
| 12:21 | Construir | Farm |
| 12:21 | Construir | Farm |
| 12:23 | Crear | Villager (Male) |
| 12:58 | Crear | Villager (Male) |
| 13:17 | Investigar | Arson |
| 13:42 | Crear | Villager (Male) |
| 14:11 | Construir | Mill |
| 14:24 | Crear | Villager (Male) |
| 14:25 | Crear | Villager (Male) |
| 14:40 | Crear | Villager (Male) |
| 15:09 | Investigar | Forging |
| 15:12 | Crear | Villager (Male) |
| 15:16 | Construir | Farm |
| 15:16 | Construir | Farm |
| 15:21 | Construir | Mill |
| 15:22 | Construir | Farm |
| 15:54 | Construir | House |
| 16:25 | Crear | Villager (Male) |
| 16:51 | Construir | Market |
| 17:02 | Crear | Spearman |
| 17:26 | Crear | Villager (Male) |
| 17:31 | Construir | Lumber Camp |
| 17:34 | Construir | Palisade Wall |
| 17:35 | Construir | Palisade Wall |
| 18:01 | Construir | House |
| 18:02 | Construir | Palisade Wall |
| 18:04 | Crear | Villager (Male) |
| 18:18 | Investigar | Castle Age |
| 19:09 | Crear | Eagle Scout |
| 19:09 | Crear | Eagle Scout |
| 19:14 | Construir | Barracks |
| 19:21 | Crear | Eagle Scout |
| 19:48 | Crear | Eagle Scout |
| 20:03 | Construir | Farm |
| 20:08 | Construir | Farm |
| 20:08 | Construir | Farm |
| 20:09 | Construir | Farm |
| 20:09 | Construir | Farm |
| 20:27 | Crear | Eagle Scout |
| 20:30 | Construir | Barracks |
| 20:53 | Crear | Eagle Scout |
| 20:58 | Edad | Edad de los Castillos |
| 21:02 | Construir | House |
| 21:03 | Construir | House |
| 21:05 | Crear | Villager (Male) |
| 21:19 | Construir | Town Center |
| 21:20 | Crear | Eagle Scout |
| 21:22 | Crear | Eagle Scout |
| 21:32 | Construir | House |
| 21:39 | Investigar | Squires |
| 21:41 | Investigar | Eagle Warrior (upgrade) |
| 21:45 | Crear | Eagle Scout |
| 21:46 | Crear | Eagle Scout |
| 21:59 | Crear | Eagle Scout |
| 22:00 | Crear | Villager (Male) |
| 22:16 | Investigar | Scale Mail Armor |
| 22:17 | Crear | Villager (Male) |
| 22:19 | Crear | Villager (Male) |
| 22:29 | Construir | Gate |
| 22:34 | Crear | Villager (Male) |
| 22:36 | Crear | Villager (Male) |
| 22:37 | Investigar | Double-Bit Axe |
| 22:42 | Crear | Eagle Scout |
| 22:42 | Crear | Eagle Scout |
| 23:00 | Investigar | Chain Mail Armor |
| 23:09 | Construir | Farm |
| 23:12 | Construir | Farm |
| 23:27 | Crear | Eagle Scout |
| 23:36 | Construir | Farm |
| 23:37 | Crear | Villager (Male) |
| 23:37 | Crear | Villager (Male) |
| 23:53 | Crear | Eagle Scout |
| 23:54 | Crear | Eagle Scout |
| 23:54 | Crear | Eagle Scout |
| 23:55 | Crear | Villager (Male) |
| 23:56 | Crear | Villager (Male) |
| 24:06 | Construir | Farm |
| 24:12 | Crear | Villager (Male) |
| 24:40 | Investigar | Iron Casting |
| 25:00 | Crear | Villager (Male) |
| 25:01 | Crear | Villager (Male) |
| 25:14 | Crear | Eagle Scout |
| 25:14 | Crear | Eagle Scout |
| 25:18 | Construir | House |
| 25:18 | Construir | House |
| 25:43 | Crear | Villager (Male) |
| 25:45 | Crear | Eagle Scout |
| 25:52 | Construir | Mining Camp |
| 26:11 | Crear | Eagle Scout |
| 26:11 | Crear | Eagle Scout |
| 26:13 | Crear | Eagle Scout |
| 26:13 | Crear | Eagle Scout |
| 26:26 | Crear | Villager (Male) |
| 26:26 | Crear | Villager (Male) |
| 26:27 | Crear | Villager (Male) |
| 26:27 | Crear | Villager (Male) |
| 26:43 | Crear | Villager (Male) |
| 26:44 | Crear | Villager (Male) |
Build order — Drakoid
Primeras 150 de 206 acciones detectadas
| 0:01 | Crear | Villager (Male) |
| 0:01 | Crear | Villager (Male) |
| 0:02 | Construir | House |
| 0:05 | Construir | House |
| 0:34 | Crear | Villager (Male) |
| 0:34 | Crear | Villager (Male) |
| 1:37 | Crear | Villager (Male) |
| 1:37 | Crear | Villager (Male) |
| 1:55 | Construir | Lumber Camp |
| 2:10 | Crear | Villager (Male) |
| 2:11 | Crear | Villager (Male) |
| 2:38 | Crear | Villager (Male) |
| 2:38 | Crear | Villager (Male) |
| 3:28 | Crear | Villager (Male) |
| 3:28 | Crear | Villager (Male) |
| 3:38 | Construir | House |
| 3:40 | Crear | Villager (Male) |
| 3:40 | Crear | Villager (Male) |
| 4:38 | Construir | Palisade Wall |
| 4:40 | Construir | Palisade Wall |
| 4:46 | Construir | Palisade Gate |
| 5:11 | Crear | Villager (Male) |
| 5:11 | Crear | Villager (Male) |
| 5:20 | Crear | Villager (Male) |
| 5:20 | Crear | Villager (Male) |
| 5:46 | Construir | Mill |
| 5:47 | Crear | Villager (Male) |
| 5:48 | Crear | Villager (Male) |
| 5:57 | Construir | House |
| 6:01 | Crear | Villager (Male) |
| 6:16 | Crear | Villager (Male) |
| 6:45 | Construir | Palisade Wall |
| 6:46 | Construir | Palisade Wall |
| 7:01 | Crear | Villager (Male) |
| 7:09 | Construir | Mill |
| 7:13 | Crear | Villager (Male) |
| 7:45 | Construir | Farm |
| 7:47 | Construir | Farm |
| 8:27 | Crear | Villager (Male) |
| 8:32 | Construir | Mining Camp |
| 8:49 | Construir | House |
| 8:53 | Investigar | Loom |
| 9:00 | Investigar | Feudal Age |
| 9:20 | Construir | Farm |
| 9:23 | Construir | Palisade Gate |
| 10:12 | Construir | House |
| 10:20 | Construir | Farm |
| 10:28 | Construir | Farm |
| 10:55 | Construir | Palisade Wall |
| 11:00 | Construir | Farm |
| 11:13 | Construir | Palisade Wall |
| 11:31 | Edad | Edad Feudal |
| 11:39 | Investigar | Double-Bit Axe |
| 11:40 | Crear | Villager (Male) |
| 11:48 | Construir | Blacksmith |
| 11:53 | Construir | Palisade Wall |
| 12:20 | Crear | Villager (Male) |
| 12:28 | Construir | Palisade Gate |
| 12:50 | Construir | Palisade Gate |
| 12:57 | Construir | Market |
| 13:01 | Crear | Villager (Male) |
| 13:15 | Crear | Villager (Male) |
| 13:25 | Construir | Farm |
| 14:15 | Construir | Farm |
| 14:26 | Investigar | Castle Age |
| 14:38 | Construir | Farm |
| 14:48 | Construir | House |
| 15:27 | Construir | House |
| 15:55 | Construir | Farm |
| 16:06 | Construir | Farm |
| 17:05 | Edad | Edad de los Castillos |
| 17:11 | Construir | Siege Workshop |
| 17:20 | Construir | Barracks |
| 17:26 | Crear | Villager (Male) |
| 17:39 | Crear | Villager (Male) |
| 17:45 | Crear | Villager (Male) |
| 17:56 | Crear | Unit 1962 |
| 17:57 | Crear | Unit 1962 |
| 18:09 | Crear | Villager (Male) |
| 18:25 | Crear | Spearman |
| 18:29 | Crear | Villager (Male) |
| 18:29 | Crear | Villager (Male) |
| 19:08 | Crear | Spearman |
| 19:08 | Crear | Spearman |
| 19:10 | Crear | Villager (Male) |
| 19:15 | Construir | Town Center |
| 19:23 | Investigar | Pikeman (upgrade) |
| 19:29 | Crear | Mangonel |
| 19:39 | Crear | Villager (Male) |
| 19:42 | Crear | Spearman |
| 20:01 | Crear | Villager (Male) |
| 20:19 | Crear | Villager (Male) |
| 20:36 | Crear | Villager (Male) |
| 20:42 | Construir | House |
| 20:50 | Construir | Town Center |
| 21:07 | Crear | Villager (Male) |
| 21:35 | Crear | Villager (Male) |
| 21:39 | Construir | Farm |
| 21:40 | Construir | Farm |
| 21:41 | Crear | Villager (Male) |
| 22:08 | Construir | Farm |
| 22:09 | Construir | Farm |
| 22:39 | Construir | Farm |
| 22:41 | Construir | Farm |
| 22:42 | Investigar | Bow Saw |
| 22:45 | Crear | Villager (Male) |
| 22:45 | Crear | Villager (Male) |
| 23:00 | Crear | Villager (Male) |
| 23:08 | Crear | Spearman |
| 23:13 | Construir | House |
| 23:16 | Construir | Lumber Camp |
| 23:27 | Crear | Villager (Male) |
| 23:35 | Construir | Farm |
| 23:36 | Construir | Farm |
| 23:44 | Crear | Mangonel |
| 23:50 | Construir | Farm |
| 23:52 | Construir | Farm |
| 23:57 | Construir | Farm |
| 23:58 | Construir | Farm |
| 23:58 | Crear | Villager (Male) |
| 24:08 | Crear | Spearman |
| 24:09 | Investigar | Gambesons |
| 24:23 | Crear | Villager (Male) |
| 24:38 | Crear | Villager (Male) |
| 24:42 | Construir | Farm |
| 24:43 | Construir | Mill |
| 24:54 | Crear | Villager (Male) |
| 25:03 | Construir | Stable |
| 25:21 | Crear | Unit 1962 |
| 25:26 | Crear | Spearman |
| 25:26 | Crear | Spearman |
| 25:46 | Construir | Palisade Gate |
| 25:49 | Construir | House |
| 25:52 | Construir | Palisade Wall |
| 25:54 | Construir | Palisade Wall |
| 25:59 | Construir | Palisade Wall |
| 26:00 | Construir | Palisade Wall |
| 26:01 | Construir | Palisade Wall |
| 26:31 | Crear | Unit 1944 |
| 26:50 | Crear | Villager (Male) |
| 26:50 | Crear | Villager (Male) |
| 27:13 | Construir | Farm |
| 27:22 | Crear | Spearman |
| 27:26 | Construir | Castle |
| 27:38 | Crear | Villager (Male) |
| 27:41 | Crear | Villager (Male) |
| 27:52 | Crear | Villager (Male) |
| 28:13 | Crear | Unit 1944 |
| 28:30 | Crear | Villager (Male) |
| 28:48 | Construir | Farm |
Build order — Estevez90
126 acciones detectadas en el replay
| 0:03 | Investigar | Loom |
| 0:10 | Construir | House |
| 1:16 | Crear | Villager (Male) |
| 1:16 | Crear | Villager (Male) |
| 1:30 | Crear | Villager (Male) |
| 2:12 | Construir | Lumber Camp |
| 2:32 | Crear | Villager (Male) |
| 2:32 | Crear | Villager (Male) |
| 3:18 | Crear | Villager (Male) |
| 3:41 | Crear | Villager (Male) |
| 4:19 | Crear | Villager (Male) |
| 4:19 | Crear | Villager (Male) |
| 5:05 | Crear | Villager (Male) |
| 5:05 | Crear | Villager (Male) |
| 5:05 | Crear | Villager (Male) |
| 5:26 | Construir | Mill |
| 5:47 | Crear | Villager (Male) |
| 5:54 | Construir | House |
| 6:26 | Construir | Mill |
| 6:45 | Crear | Villager (Male) |
| 6:46 | Crear | Villager (Male) |
| 6:46 | Crear | Villager (Male) |
| 7:16 | Construir | Mining Camp |
| 8:32 | Investigar | Feudal Age |
| 8:46 | Construir | Barracks |
| 9:40 | Construir | House |
| 9:44 | Construir | House |
| 10:24 | Crear | Villager (Male) |
| 10:24 | Crear | Villager (Male) |
| 10:25 | Crear | Villager (Male) |
| 10:25 | Crear | Villager (Male) |
| 10:42 | Edad | Edad Feudal |
| 11:04 | Construir | Archery Range |
| 11:19 | Investigar | Double-Bit Axe |
| 11:35 | Investigar | Wheelbarrow |
| 12:18 | Crear | Archer |
| 12:19 | Crear | Archer |
| 12:19 | Crear | Archer |
| 12:39 | Crear | Villager (Male) |
| 12:39 | Crear | Villager (Male) |
| 12:39 | Crear | Villager (Male) |
| 13:01 | Construir | Lumber Camp |
| 13:33 | Construir | Blacksmith |
| 13:52 | Investigar | Man-at-Arms (upgrade) |
| 14:14 | Construir | Archery Range |
| 14:52 | Crear | Villager (Male) |
| 15:10 | Construir | House |
| 15:11 | Construir | House |
| 15:13 | Construir | House |
| 15:40 | Investigar | Fletching |
| 15:54 | Crear | Archer |
| 15:55 | Crear | Archer |
| 15:55 | Crear | Archer |
| 16:12 | Crear | Archer |
| 16:12 | Crear | Archer |
| 16:12 | Crear | Archer |
| 16:56 | Construir | Lumber Camp |
| 17:25 | Crear | Archer |
| 17:26 | Crear | Archer |
| 17:29 | Crear | Archer |
| 17:29 | Crear | Archer |
| 17:34 | Investigar | Arson |
| 17:44 | Construir | Farm |
| 17:51 | Crear | Villager (Male) |
| 18:05 | Crear | Villager (Male) |
| 18:37 | Construir | Farm |
| 19:01 | Construir | Farm |
| 19:05 | Crear | Villager (Male) |
| 19:05 | Crear | Villager (Male) |
| 19:31 | Construir | Market |
| 19:38 | Construir | Farm |
| 19:49 | Investigar | Padded Archer Armor |
| 19:59 | Construir | Farm |
| 20:03 | Crear | Archer |
| 20:03 | Crear | Archer |
| 20:03 | Crear | Archer |
| 20:03 | Crear | Archer |
| 20:06 | Crear | Archer |
| 20:06 | Crear | Archer |
| 20:07 | Crear | Archer |
| 20:07 | Crear | Archer |
| 20:41 | Construir | Farm |
| 20:42 | Construir | Farm |
| 20:44 | Construir | Farm |
| 20:46 | Construir | Farm |
| 20:49 | Investigar | Horse Collar |
| 20:53 | Investigar | Scale Mail Armor |
| 21:07 | Crear | Villager (Male) |
| 21:07 | Crear | Villager (Male) |
| 21:08 | Crear | Villager (Male) |
| 21:08 | Crear | Villager (Male) |
| 21:15 | Construir | Farm |
| 21:30 | Construir | House |
| 21:31 | Construir | House |
| 21:33 | Construir | House |
| 21:35 | Construir | House |
| 21:42 | Construir | Farm |
| 21:52 | Investigar | Forging |
| 22:12 | Construir | Stable |
| 22:46 | Construir | Farm |
| 22:51 | Investigar | Town Watch |
| 23:03 | Construir | Farm |
| 23:38 | Investigar | Bloodlines |
| 23:39 | Crear | Scout Cavalry |
| 23:43 | Investigar | Scale Barding Armor |
| 24:18 | Construir | Farm |
| 25:28 | Investigar | Castle Age |
| 26:13 | Crear | Spearman ×5 |
| 26:13 | Crear | Spearman ×5 |
| 27:59 | Investigar | Gold Mining |
| 28:00 | Investigar | Stone Mining |
| 28:08 | Edad | Edad de los Castillos |
| 28:11 | Investigar | Crossbowman (upgrade) |
| 28:15 | Investigar | Bodkin Arrow |
| 28:51 | Investigar | Long Swordsman (upgrade) |
| 28:52 | Crear | Militia ×2 |
| 29:00 | Crear | Militia |
| 29:16 | Construir | Town Center |
| 29:31 | Construir | Town Center |
| 30:02 | Construir | Town Center |
| 30:41 | Investigar | Iron Casting |
| 30:42 | Investigar | Chain Mail Armor |
| 31:02 | Crear | Knight |
| 31:03 | Crear | Knight |
| 31:03 | Crear | Knight |
| 32:56 | Crear | Scout Cavalry ×2 |
Build order — jgom974
Primeras 150 de 164 acciones detectadas
| 0:05 | Crear | Villager (Male) |
| 0:05 | Crear | Villager (Male) |
| 0:05 | Crear | Villager (Male) |
| 0:05 | Crear | Villager (Male) |
| 0:05 | Crear | Villager (Male) |
| 0:09 | Construir | House |
| 0:12 | Construir | House |
| 1:18 | Construir | Palisade Wall |
| 1:34 | Investigar | Loom |
| 1:42 | Crear | Villager (Male) |
| 2:08 | Crear | Villager (Male) |
| 2:42 | Crear | Villager (Male) |
| 3:12 | Crear | Villager (Male) |
| 3:12 | Crear | Villager (Male) |
| 3:18 | Construir | House |
| 3:34 | Crear | Villager (Male) |
| 4:00 | Construir | Palisade Gate |
| 4:04 | Crear | Villager (Male) |
| 4:04 | Crear | Villager (Male) |
| 4:35 | Construir | Lumber Camp |
| 4:55 | Construir | Palisade Wall |
| 5:05 | Construir | Palisade Wall |
| 5:16 | Crear | Villager (Male) |
| 5:16 | Crear | Villager (Male) |
| 5:16 | Crear | Villager (Male) |
| 5:16 | Crear | Villager (Male) |
| 5:50 | Crear | Villager (Male) |
| 6:46 | Construir | House |
| 7:07 | Crear | Villager (Male) |
| 7:07 | Crear | Villager (Male) |
| 7:07 | Crear | Villager (Male) |
| 7:17 | Construir | Barracks |
| 7:25 | Construir | House |
| 7:28 | Crear | Villager (Male) |
| 8:26 | Construir | Mining Camp |
| 8:59 | Construir | Palisade Wall |
| 9:10 | Investigar | Feudal Age |
| 9:29 | Construir | Palisade Wall |
| 9:41 | Crear | Militia |
| 9:41 | Crear | Militia |
| 10:17 | Crear | Militia |
| 10:17 | Crear | Militia |
| 10:17 | Crear | Militia |
| 10:25 | Construir | Mill |
| 11:20 | Edad | Edad Feudal |
| 11:33 | Crear | Villager (Male) |
| 11:33 | Crear | Villager (Male) |
| 11:34 | Crear | Villager (Male) |
| 11:34 | Crear | Villager (Male) |
| 11:39 | Construir | Stable |
| 12:28 | Crear | Villager (Male) |
| 12:28 | Crear | Villager (Male) |
| 12:29 | Crear | Villager (Male) |
| 12:37 | Construir | Palisade Wall |
| 13:27 | Crear | Villager (Male) |
| 13:27 | Crear | Villager (Male) |
| 13:27 | Crear | Villager (Male) |
| 13:27 | Crear | Villager (Male) |
| 13:39 | Construir | House |
| 13:48 | Construir | House |
| 14:16 | Crear | Scout Cavalry |
| 14:16 | Crear | Scout Cavalry |
| 14:41 | Construir | Stable |
| 14:48 | Crear | Scout Cavalry |
| 14:49 | Crear | Scout Cavalry |
| 14:57 | Construir | Farm |
| 14:58 | Construir | Farm |
| 15:00 | Construir | Farm |
| 15:01 | Construir | Farm |
| 15:12 | Construir | House |
| 15:16 | Construir | House |
| 15:53 | Construir | Farm |
| 16:10 | Construir | Lumber Camp |
| 16:21 | Crear | Villager (Male) |
| 16:22 | Crear | Villager (Male) |
| 16:22 | Crear | Villager (Male) |
| 16:46 | Construir | Archery Range |
| 17:34 | Crear | Scout Cavalry |
| 17:34 | Crear | Scout Cavalry |
| 17:55 | Crear | Villager (Male) |
| 18:04 | Construir | Archery Range |
| 18:07 | Construir | Archery Range |
| 18:44 | Construir | Archery Range |
| 19:04 | Crear | Villager (Male) |
| 19:04 | Crear | Villager (Male) |
| 19:04 | Crear | Villager (Male) |
| 19:15 | Construir | Market |
| 19:32 | Construir | House |
| 19:38 | Construir | Blacksmith |
| 20:17 | Crear | Skirmisher |
| 20:18 | Crear | Skirmisher |
| 20:18 | Crear | Skirmisher |
| 20:18 | Crear | Skirmisher |
| 20:35 | Construir | Watch Tower |
| 20:44 | Crear | Skirmisher |
| 20:45 | Crear | Skirmisher |
| 21:29 | Crear | Skirmisher |
| 21:29 | Crear | Skirmisher |
| 21:29 | Crear | Skirmisher |
| 22:27 | Crear | Villager (Male) |
| 22:28 | Crear | Villager (Male) |
| 22:39 | Construir | Farm |
| 22:40 | Construir | Farm |
| 22:41 | Construir | Farm |
| 22:42 | Construir | Farm |
| 22:43 | Construir | Farm |
| 22:52 | Crear | Scout Cavalry |
| 22:52 | Crear | Scout Cavalry |
| 22:52 | Crear | Scout Cavalry |
| 22:53 | Crear | Scout Cavalry |
| 22:53 | Crear | Scout Cavalry |
| 24:39 | Construir | Farm |
| 24:40 | Construir | Farm |
| 25:09 | Construir | Mining Camp |
| 25:19 | Investigar | Castle Age |
| 25:24 | Construir | House |
| 26:07 | Investigar | Double-Bit Axe |
| 26:36 | Crear | Scout Cavalry |
| 26:36 | Crear | Scout Cavalry |
| 26:37 | Crear | Scout Cavalry |
| 26:37 | Crear | Scout Cavalry |
| 27:16 | Crear | Spearman |
| 27:17 | Crear | Spearman |
| 27:17 | Crear | Spearman |
| 27:17 | Crear | Spearman |
| 27:17 | Crear | Spearman |
| 27:50 | Crear | Villager (Male) |
| 27:50 | Crear | Villager (Male) |
| 27:59 | Edad | Edad de los Castillos |
| 28:04 | Construir | Town Center |
| 28:12 | Crear | Villager (Male) |
| 28:12 | Crear | Villager (Male) |
| 29:01 | Construir | Siege Workshop |
| 29:06 | Crear | Villager (Male) |
| 29:06 | Crear | Villager (Male) |
| 29:06 | Crear | Villager (Male) |
| 29:07 | Crear | Villager (Male) |
| 29:20 | Crear | Villager (Male) |
| 29:20 | Crear | Villager (Male) |
| 29:20 | Crear | Villager (Male) |
| 29:20 | Crear | Villager (Male) |
| 29:21 | Crear | Villager (Male) |
| 29:21 | Crear | Villager (Male) |
| 29:28 | Crear | Knight |
| 29:29 | Crear | Knight |
| 29:41 | Investigar | Wheelbarrow |
| 29:55 | Crear | Scorpion |
| 29:55 | Crear | Scorpion |
| 30:19 | Crear | Villager (Male) |
| 30:19 | Crear | Villager (Male) |
Build order — vikingo
Primeras 150 de 228 acciones detectadas
| 0:01 | Crear | Villager (Male) ×4 |
| 0:02 | Construir | House |
| 0:03 | Construir | House |
| 0:04 | Construir | House |
| 1:43 | Crear | Villager (Male) |
| 1:43 | Crear | Villager (Male) |
| 1:57 | Crear | Villager (Male) |
| 2:40 | Crear | Villager (Male) |
| 2:40 | Crear | Villager (Male) ×2 |
| 2:41 | Construir | Lumber Camp |
| 3:04 | Crear | Villager (Male) |
| 3:04 | Crear | Villager (Male) |
| 3:42 | Crear | Villager (Male) |
| 3:43 | Crear | Villager (Male) |
| 4:16 | Crear | Villager (Male) |
| 4:16 | Crear | Villager (Male) |
| 4:37 | Crear | Villager (Male) |
| 4:37 | Crear | Villager (Male) |
| 4:54 | Crear | Villager (Male) ×3 |
| 4:54 | Crear | Villager (Male) ×3 |
| 5:15 | Construir | Mill |
| 5:39 | Construir | House |
| 6:21 | Crear | Villager (Male) ×5 |
| 6:22 | Crear | Villager (Male) ×5 |
| 6:22 | Crear | Villager (Male) |
| 6:22 | Crear | Villager (Male) |
| 7:43 | Construir | Mining Camp |
| 8:25 | Construir | Barracks |
| 8:31 | Investigar | Feudal Age |
| 8:31 | Investigar | Feudal Age |
| 9:00 | Construir | House |
| 9:54 | Construir | House |
| 10:09 | Construir | Mill |
| 10:41 | Edad | Edad Feudal |
| 10:41 | Crear | Villager (Male) |
| 10:59 | Investigar | Double-Bit Axe |
| 11:19 | Crear | Villager (Male) |
| 11:19 | Crear | Villager (Male) |
| 11:26 | Construir | Stable |
| 11:40 | Investigar | Loom |
| 12:04 | Investigar | Bloodlines |
| 12:05 | Investigar | Bloodlines |
| 12:24 | Construir | Blacksmith |
| 12:37 | Crear | Villager (Male) |
| 12:43 | Construir | Farm |
| 13:10 | Construir | Farm |
| 13:13 | Crear | Villager (Male) |
| 13:14 | Construir | Farm |
| 13:36 | Construir | Farm |
| 13:44 | Crear | Villager (Male) |
| 13:53 | Construir | Farm |
| 14:16 | Construir | Farm |
| 14:19 | Crear | Villager (Male) |
| 14:46 | Crear | Spearman |
| 15:17 | Investigar | Castle Age |
| 15:17 | Investigar | Castle Age |
| 15:26 | Construir | Stable |
| 15:41 | Crear | Spearman |
| 16:47 | Construir | House |
| 16:51 | Crear | Spearman |
| 16:52 | Crear | Spearman |
| 17:00 | Investigar | Forging |
| 17:27 | Construir | Farm |
| 17:37 | Construir | Farm |
| 17:57 | Edad | Edad de los Castillos |
| 18:07 | Construir | Town Center |
| 18:13 | Crear | Camel Scout |
| 18:13 | Crear | Camel Scout |
| 18:18 | Construir | Farm |
| 18:19 | Construir | Farm |
| 18:45 | Crear | Villager (Male) |
| 18:56 | Construir | Farm |
| 18:59 | Construir | Farm |
| 19:00 | Construir | Farm |
| 19:05 | Crear | Villager (Male) |
| 19:07 | Construir | House |
| 19:15 | Crear | Camel Scout |
| 19:37 | Crear | Villager (Male) |
| 20:01 | Construir | Farm |
| 20:05 | Investigar | Horse Collar |
| 20:06 | Investigar | Horse Collar |
| 20:16 | Construir | Farm |
| 20:37 | Crear | Villager (Male) |
| 20:40 | Crear | Villager (Male) |
| 21:13 | Crear | Villager (Male) |
| 21:13 | Crear | Villager (Male) |
| 21:15 | Crear | Villager (Male) |
| 21:30 | Construir | Town Center |
| 21:33 | Crear | Villager (Male) |
| 21:36 | Crear | Villager (Male) |
| 21:46 | Construir | Farm |
| 21:47 | Construir | Farm |
| 21:58 | Construir | Farm |
| 22:12 | Construir | House |
| 22:13 | Construir | House |
| 22:19 | Construir | Farm |
| 22:25 | Crear | Camel Scout |
| 22:26 | Crear | Camel Scout |
| 22:26 | Crear | Camel Scout |
| 22:26 | Crear | Camel Scout |
| 22:43 | Construir | Palisade Wall |
| 22:47 | Crear | Villager (Male) |
| 22:50 | Crear | Villager (Male) |
| 22:54 | Crear | Villager (Male) |
| 23:20 | Crear | Villager (Male) |
| 23:20 | Crear | Villager (Male) |
| 23:21 | Crear | Villager (Male) |
| 23:30 | Crear | Villager (Male) |
| 23:41 | Construir | House |
| 23:42 | Construir | House |
| 23:43 | Construir | House |
| 23:57 | Crear | Camel Scout |
| 23:58 | Crear | Camel Scout |
| 24:06 | Construir | Farm |
| 24:08 | Construir | Farm |
| 24:10 | Construir | Farm |
| 24:13 | Crear | Villager (Male) |
| 24:15 | Crear | Villager (Male) |
| 24:29 | Crear | Camel Scout |
| 24:30 | Crear | Camel Scout |
| 24:36 | Crear | Camel Scout |
| 24:37 | Crear | Camel Scout |
| 24:37 | Crear | Camel Scout |
| 24:43 | Construir | Farm |
| 24:59 | Construir | Farm |
| 25:05 | Construir | Farm |
| 25:12 | Construir | Farm |
| 25:13 | Construir | Farm |
| 25:13 | Crear | Villager (Male) |
| 25:28 | Crear | Villager (Male) |
| 25:29 | Crear | Villager (Male) |
| 25:30 | Crear | Villager (Male) |
| 25:30 | Crear | Villager (Male) |
| 25:30 | Crear | Villager (Male) |
| 25:31 | Crear | Villager (Male) |
| 25:53 | Crear | Villager (Male) |
| 25:54 | Crear | Villager (Male) |
| 26:03 | Investigar | Scale Barding Armor |
| 26:12 | Construir | Market |
| 26:13 | Crear | Villager (Male) |
| 26:13 | Crear | Villager (Male) |
| 26:20 | Construir | Farm |
| 26:46 | Crear | Villager (Male) |
| 26:46 | Crear | Villager (Male) |
| 26:52 | Construir | Town Center |
| 26:59 | Crear | Knight |
| 26:59 | Crear | Knight |
| 26:59 | Crear | Knight |
| 27:00 | Crear | Knight |
| 27:30 | Crear | Villager (Male) |
Build order — sintopares
Primeras 150 de 252 acciones detectadas
| 0:00 | Crear | Villager (Male) |
| 0:01 | Crear | Villager (Male) |
| 0:01 | Crear | Villager (Male) |
| 0:01 | Crear | Villager (Male) |
| 0:02 | Construir | House |
| 0:04 | Construir | House |
| 1:24 | Crear | Villager (Male) |
| 1:51 | Crear | Villager (Male) |
| 2:09 | Crear | Villager (Male) |
| 2:50 | Crear | Villager (Male) |
| 2:51 | Crear | Villager (Male) |
| 3:09 | Construir | Lumber Camp |
| 3:26 | Construir | House |
| 3:33 | Crear | Villager (Male) |
| 3:44 | Crear | Villager (Male) |
| 4:15 | Construir | House |
| 4:15 | Crear | Villager (Male) |
| 4:20 | Crear | Villager (Male) |
| 5:01 | Crear | Villager (Male) |
| 5:22 | Construir | Mill |
| 6:04 | Crear | Villager (Male) |
| 6:07 | Crear | Villager (Male) |
| 6:20 | Crear | Villager (Male) |
| 6:22 | Crear | Villager (Male) |
| 6:24 | Crear | Villager (Male) |
| 6:46 | Investigar | Loom |
| 8:13 | Crear | Villager (Male) |
| 8:14 | Investigar | Feudal Age |
| 8:22 | Construir | Barracks |
| 9:18 | Crear | Villager (Male) |
| 9:51 | Construir | House |
| 9:55 | Construir | Palisade Wall |
| 10:25 | Crear | Villager (Male) |
| 10:31 | Construir | Mill |
| 10:34 | Crear | Villager (Male) |
| 10:48 | Edad | Edad Feudal |
| 10:49 | Crear | Villager (Male) |
| 11:01 | Crear | Villager (Male) |
| 11:08 | Construir | Stable |
| 11:09 | Crear | Villager (Male) |
| 11:10 | Crear | Villager (Male) |
| 11:20 | Investigar | Double-Bit Axe |
| 11:23 | Investigar | Horse Collar |
| 11:32 | Crear | Spearman |
| 11:34 | Crear | Villager (Male) |
| 11:41 | Construir | Palisade Wall |
| 11:44 | Construir | Palisade Wall |
| 11:46 | Construir | Palisade Wall |
| 11:55 | Construir | Palisade Wall |
| 11:58 | Construir | Palisade Wall |
| 12:00 | Construir | Palisade Wall |
| 12:01 | Construir | Palisade Wall |
| 12:08 | Crear | Villager (Male) |
| 12:17 | Construir | Mining Camp |
| 12:19 | Crear | Villager (Male) |
| 12:36 | Crear | Spearman |
| 12:50 | Construir | Farm |
| 12:50 | Construir | Farm |
| 12:51 | Construir | Farm |
| 12:51 | Construir | Farm |
| 12:51 | Construir | Farm |
| 12:52 | Construir | Farm |
| 12:52 | Construir | Farm |
| 12:52 | Construir | Farm |
| 12:54 | Crear | Villager (Male) |
| 12:56 | Crear | Villager (Male) |
| 12:59 | Crear | Villager (Male) |
| 13:00 | Crear | Villager (Male) |
| 13:14 | Crear | Villager (Male) |
| 13:25 | Construir | House |
| 13:31 | Investigar | Wheelbarrow |
| 13:44 | Construir | House |
| 13:55 | Crear | Villager (Male) |
| 13:57 | Construir | Farm |
| 14:11 | Construir | Farm |
| 14:17 | Construir | Blacksmith |
| 14:39 | Crear | Villager (Male) |
| 14:50 | Crear | Spearman |
| 14:59 | Construir | Palisade Wall |
| 15:01 | Crear | Villager (Male) |
| 15:13 | Crear | Villager (Male) |
| 15:40 | Crear | Villager (Male) |
| 15:44 | Crear | Villager (Male) |
| 16:03 | Crear | Villager (Male) |
| 16:08 | Crear | Villager (Male) |
| 16:14 | Crear | Villager (Male) |
| 16:20 | Construir | House |
| 16:47 | Construir | House |
| 16:51 | Construir | Palisade Wall |
| 16:58 | Crear | Villager (Male) |
| 17:03 | Construir | Archery Range |
| 17:06 | Construir | Palisade Wall |
| 17:18 | Crear | Villager (Male) |
| 17:47 | Crear | Villager (Male) |
| 17:50 | Crear | Villager (Male) |
| 17:54 | Construir | Farm |
| 18:11 | Investigar | Castle Age |
| 18:29 | Construir | Palisade Wall |
| 18:30 | Crear | Villager (Male) |
| 18:59 | Construir | House |
| 19:16 | Crear | Villager (Male) |
| 19:31 | Crear | Villager (Male) |
| 19:34 | Construir | House |
| 19:35 | Construir | House |
| 19:38 | Construir | Palisade Wall |
| 19:43 | Crear | Villager (Male) |
| 19:45 | Crear | Villager (Male) |
| 19:58 | Construir | Palisade Wall |
| 20:00 | Construir | Palisade Wall |
| 20:05 | Crear | Villager (Male) |
| 20:19 | Construir | Lumber Camp |
| 20:23 | Crear | Villager (Male) |
| 20:28 | Crear | Villager (Male) |
| 20:36 | Crear | Villager (Male) |
| 20:52 | Edad | Edad de los Castillos |
| 20:57 | Crear | Cavalry Archer |
| 20:57 | Crear | Cavalry Archer |
| 20:58 | Crear | Villager (Male) |
| 21:09 | Construir | Archery Range |
| 21:09 | Crear | Villager (Male) |
| 21:13 | Investigar | Fletching |
| 21:22 | Crear | Villager (Male) |
| 21:26 | Crear | Villager (Male) |
| 21:28 | Crear | Cavalry Archer |
| 21:32 | Crear | Cavalry Archer |
| 21:32 | Crear | Cavalry Archer |
| 21:33 | Crear | Villager (Male) |
| 21:39 | Investigar | Gold Mining |
| 21:41 | Investigar | Bow Saw |
| 21:44 | Investigar | Heavy Plow |
| 21:58 | Investigar | Bodkin Arrow |
| 22:27 | Crear | Villager (Male) |
| 22:33 | Crear | Cavalry Archer |
| 22:33 | Crear | Cavalry Archer |
| 22:34 | Crear | Villager (Male) |
| 22:47 | Crear | Villager (Male) |
| 22:49 | Crear | Villager (Male) |
| 22:52 | Crear | Villager (Male) |
| 22:56 | Crear | Villager (Male) |
| 23:05 | Construir | Town Center |
| 23:05 | Crear | Villager (Male) |
| 23:20 | Crear | Villager (Male) |
| 23:27 | Construir | Farm |
| 23:27 | Construir | Farm |
| 23:28 | Construir | Farm |
| 23:28 | Construir | Farm |
| 23:28 | Construir | Farm |
| 23:29 | Construir | Farm |
| 23:29 | Construir | Farm |
| 23:30 | Crear | Villager (Male) |
Build order — JAOK1987
Primeras 150 de 291 acciones detectadas
| 0:00 | Crear | Villager (Male) |
| 0:01 | Crear | Villager (Male) |
| 0:01 | Crear | Villager (Male) |
| 0:01 | Crear | Villager (Male) |
| 0:02 | Construir | House |
| 0:04 | Construir | House |
| 1:28 | Crear | Villager (Male) |
| 1:29 | Crear | Villager (Male) |
| 1:50 | Construir | Lumber Camp |
| 1:53 | Crear | Villager (Male) |
| 2:26 | Crear | Villager (Male) |
| 2:26 | Crear | Villager (Male) |
| 2:40 | Crear | Villager (Male) |
| 2:40 | Crear | Villager (Male) |
| 2:49 | Construir | House |
| 2:50 | Construir | House |
| 3:08 | Crear | Villager (Male) |
| 3:08 | Crear | Villager (Male) |
| 3:42 | Investigar | Loom |
| 4:13 | Construir | Mill |
| 4:22 | Crear | Villager (Male) |
| 4:22 | Crear | Villager (Male) |
| 4:54 | Crear | Villager (Male) |
| 4:54 | Crear | Villager (Male) |
| 5:30 | Crear | Villager (Male) |
| 5:30 | Crear | Villager (Male) |
| 5:30 | Crear | Villager (Male) |
| 6:06 | Crear | Villager (Male) |
| 6:06 | Crear | Villager (Male) |
| 6:07 | Crear | Villager (Male) |
| 6:30 | Crear | Villager (Male) |
| 6:30 | Crear | Villager (Male) |
| 7:01 | Crear | Villager (Male) |
| 7:01 | Crear | Villager (Male) |
| 7:43 | Construir | Barracks |
| 7:45 | Construir | House |
| 7:46 | Crear | Villager (Male) |
| 7:47 | Crear | Villager (Male) |
| 7:47 | Crear | Villager (Male) |
| 7:47 | Crear | Villager (Male) |
| 7:53 | Construir | Mill |
| 8:26 | Investigar | Feudal Age |
| 8:57 | Construir | House |
| 10:21 | Construir | Lumber Camp |
| 10:25 | Construir | House |
| 10:32 | Crear | Villager (Male) |
| 10:33 | Crear | Villager (Male) |
| 10:35 | Construir | Palisade Gate |
| 10:36 | Edad | Edad Feudal |
| 10:40 | Construir | Palisade Gate |
| 10:50 | Crear | Villager (Male) |
| 10:50 | Crear | Villager (Male) |
| 10:54 | Construir | Stable |
| 10:55 | Construir | House |
| 11:14 | Construir | Farm |
| 11:14 | Construir | Farm |
| 11:15 | Construir | Farm |
| 11:16 | Construir | Farm |
| 11:17 | Construir | Farm |
| 11:19 | Construir | Farm |
| 11:19 | Construir | Farm |
| 11:22 | Crear | Villager (Male) |
| 11:22 | Crear | Villager (Male) |
| 11:29 | Investigar | Double-Bit Axe |
| 11:29 | Investigar | Double-Bit Axe |
| 11:41 | Crear | Scout Cavalry ×2 |
| 12:04 | Crear | Scout Cavalry |
| 12:05 | Crear | Villager (Male) |
| 12:05 | Crear | Villager (Male) |
| 12:05 | Crear | Villager (Male) |
| 12:11 | Construir | Palisade Wall |
| 12:13 | Construir | Palisade Wall |
| 12:36 | Crear | Villager (Male) |
| 12:36 | Crear | Villager (Male) |
| 12:39 | Construir | Farm |
| 12:39 | Construir | Farm |
| 12:48 | Construir | Farm |
| 12:49 | Construir | Farm |
| 12:49 | Construir | Farm |
| 12:54 | Crear | Villager (Male) |
| 12:54 | Crear | Villager (Male) |
| 12:54 | Crear | Villager (Male) |
| 13:04 | Construir | Palisade Wall |
| 13:06 | Construir | Palisade Wall |
| 13:07 | Construir | Palisade Wall |
| 13:18 | Construir | House |
| 13:37 | Construir | Farm |
| 13:41 | Construir | House |
| 13:42 | Construir | House |
| 13:44 | Crear | Villager (Male) |
| 13:44 | Crear | Villager (Male) |
| 14:20 | Construir | Farm |
| 14:23 | Crear | Villager (Male) |
| 14:23 | Crear | Villager (Male) |
| 14:24 | Crear | Villager (Male) |
| 14:43 | Crear | Villager (Male) |
| 14:51 | Construir | Farm |
| 14:52 | Construir | Farm |
| 14:52 | Construir | Farm |
| 14:52 | Construir | Farm |
| 14:52 | Construir | Farm |
| 14:52 | Construir | Farm |
| 14:59 | Construir | Palisade Wall |
| 15:00 | Construir | Palisade Wall |
| 15:00 | Construir | Palisade Wall |
| 15:04 | Construir | Palisade Wall |
| 15:15 | Crear | Villager (Male) |
| 15:15 | Crear | Villager (Male) |
| 15:16 | Crear | Villager (Male) |
| 15:39 | Crear | Scout Cavalry |
| 15:39 | Crear | Scout Cavalry |
| 16:44 | Crear | Scout Cavalry |
| 16:44 | Crear | Scout Cavalry |
| 16:53 | Crear | Villager (Male) |
| 16:53 | Crear | Villager (Male) |
| 16:53 | Crear | Villager (Male) |
| 18:23 | Crear | Villager (Male) |
| 18:23 | Crear | Villager (Male) |
| 18:23 | Crear | Villager (Male) |
| 18:26 | Construir | Mining Camp |
| 19:03 | Construir | Market |
| 19:06 | Construir | House |
| 19:20 | Construir | Mill |
| 19:21 | Construir | Farm |
| 19:21 | Construir | Farm |
| 19:21 | Construir | Farm |
| 19:22 | Construir | Farm |
| 19:22 | Construir | Farm |
| 19:22 | Construir | Farm |
| 19:22 | Construir | Farm |
| 20:20 | Investigar | Castle Age |
| 20:20 | Investigar | Castle Age |
| 20:20 | Investigar | Castle Age |
| 20:25 | Construir | Mining Camp |
| 20:47 | Construir | Blacksmith |
| 20:48 | Construir | House |
| 20:49 | Construir | House |
| 21:10 | Investigar | Horse Collar |
| 21:16 | Investigar | Gold Mining |
| 21:42 | Construir | Stable |
| 21:52 | Investigar | Bloodlines |
| 23:17 | Edad | Edad de los Castillos |
| 23:22 | Crear | Camel Scout ×5 |
| 23:22 | Crear | Camel Scout ×5 |
| 23:24 | Crear | Villager (Male) |
| 23:24 | Crear | Villager (Male) |
| 23:24 | Crear | Villager (Male) |
| 23:33 | Construir | Town Center |
| 23:37 | Crear | Villager (Male) |
| 23:37 | Crear | Villager (Male) |
Build order — [GDL] ElfoMaldito
Primeras 150 de 165 acciones detectadas
| 0:02 | Crear | Villager (Male) ×4 |
| 1:38 | Crear | Villager (Male) |
| 1:54 | Crear | Villager (Male) |
| 2:13 | Construir | Lumber Camp |
| 2:29 | Crear | Villager (Male) |
| 2:59 | Crear | Villager (Male) |
| 3:00 | Crear | Villager (Male) |
| 3:04 | Investigar | Loom |
| 3:05 | Crear | Villager (Male) |
| 3:38 | Crear | Villager (Male) |
| 4:10 | Crear | Villager (Male) |
| 5:09 | Crear | Villager (Male) |
| 5:12 | Crear | Villager (Male) |
| 5:13 | Crear | Villager (Male) |
| 5:30 | Crear | Villager (Male) |
| 5:54 | Construir | Mill |
| 6:06 | Crear | Villager (Male) |
| 6:21 | Construir | Palisade Wall |
| 6:27 | Construir | Palisade Wall |
| 6:34 | Construir | Palisade Wall |
| 6:41 | Crear | Villager (Male) |
| 6:55 | Crear | Villager (Male) |
| 7:52 | Construir | Farm |
| 7:56 | Crear | Villager (Male) |
| 8:52 | Investigar | Feudal Age |
| 8:57 | Crear | Villager (Male) |
| 9:26 | Crear | Villager (Male) |
| 10:26 | Construir | Barracks |
| 10:48 | Construir | Palisade Wall |
| 11:02 | Edad | Edad Feudal |
| 11:18 | Construir | Palisade Wall |
| 11:33 | Construir | Stable |
| 11:59 | Investigar | Double-Bit Axe |
| 12:02 | Crear | Villager (Male) |
| 12:04 | Crear | Villager (Male) |
| 12:04 | Crear | Villager (Male) |
| 12:09 | Construir | Farm |
| 12:09 | Construir | Farm |
| 12:10 | Construir | Farm |
| 12:11 | Construir | Farm |
| 12:54 | Construir | Lumber Camp |
| 12:55 | Crear | Scout Cavalry |
| 12:56 | Crear | Scout Cavalry |
| 12:56 | Crear | Scout Cavalry |
| 12:57 | Crear | Scout Cavalry |
| 13:00 | Construir | Farm |
| 13:50 | Construir | Palisade Wall |
| 13:53 | Construir | Farm |
| 13:55 | Construir | Farm |
| 13:57 | Construir | Farm |
| 13:58 | Construir | Farm |
| 14:00 | Construir | Farm |
| 14:02 | Investigar | Horse Collar |
| 15:36 | Crear | Villager (Male) |
| 15:36 | Crear | Villager (Male) |
| 15:37 | Crear | Villager (Male) |
| 15:41 | Construir | Farm |
| 15:42 | Construir | Farm |
| 16:16 | Construir | Farm |
| 16:18 | Construir | Farm |
| 16:24 | Construir | Farm |
| 16:24 | Construir | Farm |
| 16:24 | Construir | Farm |
| 16:25 | Construir | Farm |
| 16:32 | Construir | Farm |
| 16:38 | Crear | Villager (Male) |
| 16:41 | Crear | Villager (Male) |
| 17:10 | Construir | Market |
| 17:51 | Crear | Villager (Male) |
| 17:52 | Crear | Villager (Male) |
| 17:58 | Construir | Mining Camp |
| 18:05 | Construir | Blacksmith |
| 18:21 | Construir | Palisade Gate |
| 18:29 | Crear | Villager (Male) |
| 19:37 | Crear | Villager (Male) |
| 19:37 | Crear | Villager (Male) |
| 19:38 | Crear | Villager (Male) |
| 20:31 | Investigar | Castle Age |
| 20:52 | Construir | Archery Range |
| 20:54 | Construir | Archery Range |
| 21:00 | Investigar | Fletching |
| 21:01 | Investigar | Padded Archer Armor |
| 21:03 | Investigar | Gold Mining |
| 21:09 | Crear | Villager (Male) |
| 21:09 | Crear | Villager (Male) |
| 21:12 | Crear | Villager (Male) |
| 21:12 | Crear | Villager (Male) |
| 23:32 | Edad | Edad de los Castillos |
| 23:37 | Investigar | Elite Skirmisher (upgrade) |
| 23:38 | Crear | Skirmisher |
| 23:39 | Crear | Skirmisher |
| 23:40 | Crear | Skirmisher |
| 23:40 | Crear | Skirmisher |
| 23:41 | Crear | Skirmisher |
| 23:41 | Crear | Skirmisher |
| 23:44 | Investigar | Bodkin Arrow |
| 23:46 | Investigar | Bow Saw |
| 23:49 | Investigar | Heavy Plow |
| 23:52 | Investigar | Wheelbarrow |
| 24:00 | Investigar | Light Cavalry (upgrade) |
| 24:01 | Investigar | Bloodlines |
| 24:04 | Investigar | Husbandry |
| 24:17 | Construir | Monastery |
| 24:25 | Crear | Villager (Male) |
| 24:32 | Crear | Skirmisher |
| 24:32 | Crear | Skirmisher |
| 25:07 | Crear | Monk |
| 25:15 | Crear | Villager (Male) |
| 25:21 | Investigar | Thumb Ring |
| 25:39 | Crear | Villager (Male) |
| 25:39 | Crear | Villager (Male) |
| 26:15 | Crear | Villager (Male) |
| 26:22 | Crear | Skirmisher |
| 26:22 | Crear | Skirmisher |
| 26:22 | Crear | Skirmisher |
| 26:23 | Crear | Skirmisher |
| 26:42 | Investigar | Leather Archer Armor |
| 27:44 | Crear | Scout Cavalry |
| 27:44 | Crear | Scout Cavalry |
| 27:45 | Crear | Scout Cavalry |
| 27:45 | Crear | Scout Cavalry |
| 27:48 | Crear | Cavalry Archer |
| 27:48 | Crear | Cavalry Archer |
| 27:48 | Crear | Cavalry Archer |
| 27:49 | Crear | Cavalry Archer |
| 27:49 | Crear | Cavalry Archer |
| 27:49 | Crear | Cavalry Archer |
| 28:44 | Crear | Cavalry Archer |
| 28:44 | Crear | Cavalry Archer |
| 28:45 | Crear | Cavalry Archer |
| 28:45 | Crear | Cavalry Archer |
| 29:00 | Investigar | Forging |
| 29:01 | Investigar | Scale Barding Armor |
| 29:14 | Crear | Scout Cavalry |
| 29:14 | Crear | Scout Cavalry |
| 29:19 | Crear | Cavalry Archer |
| 29:19 | Crear | Cavalry Archer |
| 29:22 | Crear | Villager (Male) ×5 |
| 30:14 | Investigar | Iron Casting |
| 30:39 | Crear | Scout Cavalry |
| 30:39 | Crear | Scout Cavalry |
| 30:41 | Crear | Cavalry Archer |
| 30:42 | Crear | Cavalry Archer |
| 31:15 | Investigar | Chain Barding Armor |
| 31:17 | Crear | Knight |
| 31:17 | Crear | Knight |
| 31:21 | Crear | Cavalry Archer |
| 31:22 | Crear | Cavalry Archer |
| 31:23 | Crear | Villager (Male) ×4 |
| 31:54 | Crear | Scout Cavalry |
Cronología de la partida
| 1:18 | jgom974 · wall_segment Palisade Wall x18 |
| 4:38 | Drakoid · wall_segment Palisade Wall x1 |
| 4:40 | Drakoid · wall_segment Palisade Wall x1 |
| 4:55 | jgom974 · wall_segment Palisade Wall x1 |
| 5:05 | jgom974 · wall_segment Palisade Wall x11 |
| 6:21 | [GDL] ElfoMaldito · wall_segment Palisade Wall x9 |
| 6:27 | [GDL] ElfoMaldito · wall_segment Palisade Wall x9 |
| 6:34 | [GDL] ElfoMaldito · wall_segment Palisade Wall x5 |
| 6:45 | Drakoid · wall_segment Palisade Wall x1 |
| 6:46 | Drakoid · wall_segment Palisade Wall x1 |
| 6:59 | Sirwilliam · first_building Barracks |
| 7:17 | jgom974 · first_building Barracks |
| 7:43 | JAOK1987 · first_building Barracks |
| 8:22 | sintopares · first_building Barracks |
| 8:25 | vikingo · first_building Barracks |
| 8:43 | Sirwilliam · wall_segment Palisade Wall x10 |
| 8:46 | Estevez90 · first_building Barracks |
| 8:59 | jgom974 · wall_segment Palisade Wall x7 |
| 9:29 | jgom974 · wall_segment Palisade Wall x21 |
| 9:55 | sintopares · wall_segment Palisade Wall x1 |
| 10:26 | [GDL] ElfoMaldito · first_building Barracks |
| 10:27 | Sirwilliam · age_up feudal |
| 10:36 | JAOK1987 · age_up feudal |
| 10:41 | vikingo · age_up feudal |
| 10:42 | Estevez90 · age_up feudal |
| 10:48 | sintopares · age_up feudal |
| 10:48 | [GDL] ElfoMaldito · wall_segment Palisade Wall x11 |
| 10:53 | Sirwilliam · wall_segment Palisade Wall x1 |
| 10:54 | JAOK1987 · first_building Stable |
| 10:55 | Drakoid · wall_segment Palisade Wall x1 |
| 11:02 | [GDL] ElfoMaldito · age_up feudal |
| 11:04 | Estevez90 · first_building Archery Range |
| 11:08 | sintopares · first_building Stable |
| 11:13 | Drakoid · wall_segment Palisade Wall x1 |
| 11:18 | [GDL] ElfoMaldito · wall_segment Palisade Wall x1 |
| 11:20 | jgom974 · age_up feudal |
| 11:26 | vikingo · first_building Stable |
| 11:31 | Drakoid · age_up feudal |
| 11:33 | [GDL] ElfoMaldito · first_building Stable |
| 11:39 | jgom974 · first_building Stable |
| 11:41 | sintopares · wall_segment Palisade Wall x1 |
| 11:44 | sintopares · wall_segment Palisade Wall x1 |
| 11:46 | sintopares · wall_segment Palisade Wall x1 |
| 11:53 | Drakoid · wall_segment Palisade Wall x1 |
| 11:55 | sintopares · wall_segment Palisade Wall x1 |
| 11:58 | sintopares · wall_segment Palisade Wall x1 |
| 12:00 | sintopares · wall_segment Palisade Wall x1 |
| 12:01 | sintopares · wall_segment Palisade Wall x1 |
| 12:11 | JAOK1987 · wall_segment Palisade Wall x1 |
| 12:13 | JAOK1987 · wall_segment Palisade Wall x5 |
| 12:37 | jgom974 · wall_segment Palisade Wall x4 |
| 13:04 | JAOK1987 · wall_segment Palisade Wall x1 |
| 13:06 | JAOK1987 · wall_segment Palisade Wall x7 |
| 13:07 | JAOK1987 · wall_segment Palisade Wall x5 |
| 13:50 | [GDL] ElfoMaldito · wall_segment Palisade Wall x8 |
| 14:59 | sintopares · wall_segment Palisade Wall x8 |
| 14:59 | JAOK1987 · wall_segment Palisade Wall x1 |
| 15:00 | JAOK1987 · wall_segment Palisade Wall x1 |
| 15:00 | JAOK1987 · wall_segment Palisade Wall x1 |
| 15:04 | JAOK1987 · wall_segment Palisade Wall x9 |
| 16:46 | jgom974 · first_building Archery Range |
| 16:51 | sintopares · wall_segment Palisade Wall x1 |
| 17:03 | sintopares · first_building Archery Range |
| 17:05 | Drakoid · age_up castle |
| 17:06 | sintopares · wall_segment Palisade Wall x1 |
| 17:11 | Drakoid · first_building Siege Workshop |
| 17:20 | Drakoid · first_building Barracks |
| 17:34 | Sirwilliam · wall_segment Palisade Wall x4 |
| 17:35 | Sirwilliam · wall_segment Palisade Wall x8 |
| 17:57 | vikingo · age_up castle |
| 18:02 | Sirwilliam · wall_segment Palisade Wall x8 |
| 18:08 | Sirwilliam · first_market_buy 100 food |
| 18:29 | sintopares · wall_segment Palisade Wall x15 |
| 19:38 | sintopares · wall_segment Palisade Wall x1 |
| 19:58 | sintopares · wall_segment Palisade Wall x1 |
| 20:00 | sintopares · wall_segment Palisade Wall x1 |
| 20:52 | sintopares · age_up castle |
| 20:52 | [GDL] ElfoMaldito · first_building Archery Range |
| 20:58 | Sirwilliam · age_up castle |
| 21:03 | Estevez90 · first_market_buy 100 food |
| 22:12 | Estevez90 · first_building Stable |
| 22:43 | vikingo · wall_segment Palisade Wall x14 |
| 22:45 | jgom974 · first_market_sell 100 wood |
| 22:47 | jgom974 · first_market_buy 100 food |
| 23:17 | JAOK1987 · age_up castle |
| 23:32 | [GDL] ElfoMaldito · age_up castle |
| 24:17 | [GDL] ElfoMaldito · first_building Monastery |
| 25:03 | Drakoid · first_building Stable |
| 25:52 | Drakoid · wall_segment Palisade Wall x1 |
| 25:54 | Drakoid · wall_segment Palisade Wall x1 |
| 25:59 | Drakoid · wall_segment Palisade Wall x1 |
| 26:00 | Drakoid · wall_segment Palisade Wall x4 |
| 26:01 | Drakoid · wall_segment Palisade Wall x1 |
| 26:08 | sintopares · wall_segment Palisade Wall x3 |
| 26:37 | sintopares · wall_segment Palisade Wall x2 |
| 26:50 | vikingo · first_market_buy 100 stone |
| 27:06 | JAOK1987 · first_building Castle |
| 27:26 | Drakoid · first_building Castle |
| 27:59 | jgom974 · age_up castle |
| 28:08 | Estevez90 · age_up castle |
| 28:22 | JAOK1987 · first_building Siege Workshop |
| 29:01 | jgom974 · first_building Siege Workshop |
| 29:48 | sintopares · wall_segment Palisade Wall x1 |
| 30:20 | sintopares · wall_segment Palisade Wall x1 |
| 30:26 | Sirwilliam · first_building Monastery |
| 33:21 | vikingo · first_building Castle |
| 34:03 | jgom974 · first_building Castle |
| 34:31 | vikingo · resign |
[ ANÁLISIS IA · 1 CRÉDITO ]
¿Qué pasó realmente en esta partida?
Wolo.gg analiza cada decisión: build order, eco, micro, errores típicos por bracket. Análisis personalizado por WhatsApp o Discord en 30 segundos.
Guía civ
Maya
Guía mapa
Arabia
Perfil
Sirwilliam